 Dungeon Crawl Stone Soup version 0.24.1-4-ge52af88ad5 (webtiles) character file.

Game seed: 7513329258447889551, levelgen mode: deterministic

6 MisterOstroum the Magician (level 1, 0/16 HPs)
             Began as a Hill Orc Wizard on Apr 12, 2020.
             Slain by a jackal (3 damage)
             ... on level 1 of the Dungeon.
             The game lasted 00:00:42 (276 turns).

MisterOstroum the Magician (Hill Orc Wizard)         Turns: 276, Time: 00:00:42

Health: 0/16       AC:  2    Str:  9    XL:     1   Next: 90%
Magic:  2/3        EV: 12    Int: 18    God:
Gold:   0          SH:  0    Dex:  9    Spells: 3/4 levels left

rFire    . . .     SeeInvis .   c - +0 dagger
rCold    . . .     Gourm    .   (no shield)
rNeg     . . .     Faith    .   a - +0 robe
rPois    .         Spirit   .   b - +0 hat
rElec    .         Reflect  .   (no cloak)
rCorr    .         Harm     .   (no gloves)
MR       .....                  (no boots)
Stlth    ++........             (no amulet)
HPRegen  0.05/turn              (no ring)
MPRegen  0.08/turn              (no ring)

@: no status effects
A: no striking features
a: no special abilities


You were on level 1 of the Dungeon.
You were not hungry.

You visited 1 branch of the dungeon, and saw 1 of its levels.

Inventory:

Hand Weapons
 c - a +0 dagger (weapon)
Missiles
 d - 15 stones (quivered)
Armour
 a - a +0 robe (worn)
 b - a +0 hat (worn)
Comestibles
 e - a ration


   Skills:
 * Level 1.3 Fighting
 - Level 1.5 Dodging
 - Level 1.5 Stealth
 - Level 2.4 Spellcasting
 + Level 1.2 Conjurations
   Level 1.0 Summonings
   Level 0.7 Translocations


You had 3 spell levels left.
You knew the following spells:

 Your Spells              Type           Power        Failure   Level  Hunger
a - Magic Dart            Conj           #...         11%         1    #......

Your spell library contained the following spells:

 Spells                   Type           Power        Failure   Level  Hunger
 Call Imp                 Summ           #.......     17%         2    ##.....
 Blink                    Tloc           N/A          21%         2    ##.....
 Slow                     Hex            #.......     26%         2    ##.....
 Conjure Flame            Conj/Fire      #.......     38%         3    ###....
 Mephitic Cloud           Conj/Pois/Air  #.......     41%         3    ###....


Dungeon Overview and Level Annotations

Branches:
Dungeon (1/15)

Altars:


Message History

Aim: a jackal The magic dart hits the jackal but does no damage.
The jackal barks!
The jackal moves out of view.
Casting: Magic Dart (safe; 11% risk of failure)
Confirm with . or Enter, or press ? or * to list all spells.
You don't have enough magic to cast that spell.
Casting: Magic Dart (safe; 11% risk of failure)
Confirm with . or Enter, or press ? or * to list all spells.
You don't have enough magic to cast that spell.
Casting: Magic Dart (safe; 11% risk of failure)
Confirm with . or Enter, or press ? or * to list all spells.
You don't have enough magic to cast that spell.
Casting: Magic Dart (safe; 11% risk of failure)
Confirm with . or Enter, or press ? or * to list all spells.
You don't have enough magic to cast that spell.
The jackal misses you.
You hit the jackal but do no damage. The jackal barely misses you. x2
You hit the jackal.
The jackal is heavily wounded.
A jackal comes into view.
The jackal barely misses you.
You closely miss the jackal.
The jackal is heavily wounded.
The jackal bites you but does no damage.
The jackal barks!
You hit the jackal but do no damage.
The jackal is heavily wounded.
The jackal bites you. The jackal misses you.
You hit the jackal.
The jackal is severely wounded.
The jackal bites you.
You hit the jackal but do no damage.
The jackal is severely wounded.
The jackal bites you. The jackal misses you.
You barely miss the jackal.
The jackal is severely wounded.
A hobgoblin comes into view. It is wielding a +0 club.
The jackal barely misses you.
You closely miss the jackal.
The jackal is severely wounded.
The jackal bites you.
You closely miss the jackal.
The jackal is severely wounded.
The jackal misses you. The jackal bites you.
You are too injured to fight recklessly!
You are too injured to fight recklessly!
You are too injured to fight recklessly!
You are too injured to fight recklessly!
You are too injured to fight recklessly!
You are too injured to fight recklessly!
You are too injured to fight recklessly!
You are too injured to fight recklessly!
You are too injured to fight recklessly!
You are too injured to fight recklessly!
You are too injured to fight recklessly!
You are too injured to fight recklessly!
You are too injured to fight recklessly!
You are too injured to fight recklessly!
You are too injured to fight recklessly!
You are too injured to fight recklessly!
You are too injured to fight recklessly!
You are too injured to fight recklessly!
You are too injured to fight recklessly!
You are too injured to fight recklessly!
You are too injured to fight recklessly!
You are too injured to fight recklessly!
Casting: Magic Dart (safe; 11% risk of failure)
Confirm with . or Enter, or press ? or * to list all spells.
Aiming: Magic Dart (safe; 11% risk of failure)
Press: ? - help, Shift-Dir - straight line, f/p - jackal
Aim: a jackal (severely wounded)
The magic dart hits the jackal but does no damage.
The jackal is severely wounded.
The jackal misses you. The jackal barely misses you. The jackal bites you.
The jackal completely misses you. The jackal closely misses you.
You hit the jackal.
The jackal is almost dead.
The jackal bites you.
You hit the jackal.
You kill the jackal!
You miss the jackal.
The jackal bites you but does no damage.
The jackal misses you.
You hit the jackal but do no damage. The jackal barely misses you.
You barely miss the jackal. The jackal barely misses you.
The jackal closely misses you.
You hit the jackal but do no damage. The jackal barely misses you.
You hit the jackal.
The jackal is lightly wounded.
The jackal closely misses you.
You hit the jackal.
The jackal is moderately wounded.
The jackal bites you.
* * * LOW HITPOINT WARNING * * *
The jackal bites you.
You die...

#...'..<..# #...#.....#
#####...#######
##.........#
...........#
...........#####
#..............#
##.........###.#
##.........# #@#
..........## #h###
#.........####Sh.#
#######......gh..####
###....#......#
###h........# ########
#h#.......#
.....gh######..#......#
######K.h.h....#......#


You could see 3 jackals, a hobgoblin and a ball python.

Vanquished Creatures
  3 goblins (D:1)
  A jackal (D:1)
  A rat (D:1)
5 creatures vanquished.

Notes
Turn   | Place    | Note
-------+----------+-------------------------------------------
     0 | D:1      | MisterOstroum the Hill Orc Wizard began the quest for the
                  | Orb.
     0 | D:1      | Reached XP level 1. HP: 14/14 MP: 3/3
    66 | D:1      | Reached skill level 1 in Fighting
   276 | D:1      | Slain by a jackal

Levels and vault maps discovered:
D:1:      dpeg_arrival_houses_and_road, layout_rooms, amethyst_killhole,
          lemuel_another_geyser

Skill      XL: |  1 |
---------------+----+-----
Fighting       | 1 |  1.3
Dodging        | |  1.5
Stealth        | |  1.5
Spellcasting   | |  2.4
Conjurations   | |  1.2
Summonings     | |  1.0
Translocations | |  0.7

Action                   || total
-------------------------++-------
Melee: Dagger            ||    17
       Unarmed           ||     6
 Cast: Magic Dart        ||    11
Armor: Robe              ||     2
Dodge: Dodged            ||    20
